 Dungeon Crawl Stone Soup version 0.31-a0-507-gbafd7f5274 (webtiles) character file.

Game seed: 15842738948514804604

94 oldmanjim the Changeling (level 4, -9/33 HPs)
             Began as a Merfolk Shapeshifter on Aug 9, 2023.
             Was an Initiate of the Shining One.
             Mangled by an ogre
             ... wielding a +0 giant club
              (30 damage)
             ... on level 3 of the Dungeon.
             The game lasted 00:04:08 (1763 turns).

oldmanjim the Changeling (Merfolk Shapeshifter)     Turns: 1763, Time: 00:04:08

Health: -9/33      AC:  2    Str: 17    XL:     4   Next: 63%
Magic:  4/4        EV: 13    Int:  7    God:    the Shining One [......]
Gold:   87         SH:  0    Dex: 14    Spells: 3/3 levels left

rFire   . .          .
                       - Unarmed
rCold   . . .        (no shield)
rNeg    . . .        a - +0 animal skin
rPois   .            (helmet currently unavailable)
rElec   .            (cloak currently unavailable)
rCorr   .            (gloves currently unavailable)
SInv    .            (boots currently unavailable)
Will    .....        (no amulet)
Stlth   +            (no ring)
HPRegen 0.25/turn    (no ring)
MPRegen 0.09/turn

%: no passive effects
@: beast-form, glowing
A: beast (slay +3), (nimble swimmer 2), mertail
a: Begin Untransformation, Renounce Religion


You were on level 3 of the Dungeon.
You worshipped the Shining One.
The Shining One was noncommittal.
You were a hulking beast.
You visited 1 branch of the dungeon, and saw 3 of its levels.

You collected 87 gold pieces.

Inventory:

Missiles
 f - 3 poisoned darts
 g - 8 stones
 n - 6 boomerangs
Armour
 a - a +0 animal skin (worn)
 q - a +2 helmet of see invisible
Talismans
 c - a beast talisman (active)
 d - a flux talisman
Scrolls
 e - 2 scrolls of identify {unknown}
 i - a scroll of amnesia {unknown}
 j - a scroll of vulnerability {unknown}
 l - a scroll of immolation {unknown}
 p - a scroll of teleportation {unknown}
Potions
 b - a potion of lignification
 h - 3 potions of attraction {unknown}
 k - a potion of degeneration {unknown}
 m - a potion of enlightenment {unknown}
 o - a potion of curing {unknown}


   Skills:
 - Level 2.0 Fighting
 - Level 3.0 Dodging
 + Level 4.4 Unarmed Combat
 + Level 5.0 Shapeshifting


You had 3 spell levels left.
You didn't know any spells.
Your spell library contained the following spells:

 Spells                   Type           Power      Damage    Failure   Level
 Apportation              Tloc           0%         N/A       43%         1
 Momentum Strike          Conj/Tloc      0%         3d8       56%         2
 Portal Projectile        Hex/Tloc       0%         N/A       80%         3
 Alistair's Intoxication  Tmut/Pois      0%         N/A       100%        5


Dungeon Overview and Level Annotations

Branches:
Dungeon (3/15)

Altars:
The Shining One

Shops:
D:2 :


Innate Abilities, Weirdness & Mutations

You are a hulking beast.
Your limbs bulge with bestial killing power. (Slay +3)
((You are very nimble when in or above water. (Stealth+, EV+, Speed+++)))
Your lower body shifts to a powerful aquatic tail in water.


Message History

Items here: ))) [[.
q - a +2 helmet of see invisible Search for what [Enter for "."]? .
There is an open door here.
There is a stone staircase leading up here.
There is a glowing golden altar of the Shining One here.
You kneel at the altar of the Shining One.
The Shining One welcomes you!
There is a stone staircase leading down here.
You climb downwards.
There is a stone staircase leading up here.
You pick up a book of Party Tricks and begin reading...
You add the spells Apportation and Alistair's Intoxication to your library.
A rat comes into view.
Found 13 gold pieces.
You punch the rat!
You kill the rat!
No target in view!
No target in view!
A goblin comes into view. It is wielding a +0 club.
The goblin shouts!
A goblin is nearby!
The goblin misses you.
You hit the goblin.
You kill the goblin!
No target in view!
No target in view!
You now have 87 gold pieces (gained 13).
An ogre comes into view. It is wielding a +0 giant club.
The ogre shouts!
The ogre barely misses you.
You barely miss the ogre. The ogre hits you with a +0 giant club!
An adder comes into view.
You punch the ogre!
The ogre is moderately wounded.
You hit the ogre.
The ogre is heavily wounded.
The ogre hits you with a +0 giant club!!
Ouch! That really hurt!
You die...

#. #.. #.# .. #.#
..# ###.# ###
#.....#
##...####....
.......##.......S#
.........#.....hO.#
...................#
.............#######
.............##
.........)....#####
....................
................####
...............##
..............##


You could see an ogre and an adder.

Vanquished Creatures
  Robin (D:2)
  2 adders (D:2)
  2 worms (D:2)
  3 endoplasms
  5 giant cockroaches (D:1)
  12 goblins
  5 hobgoblins (D:2)
  6 jackals (D:1)
  4 quokkas
  5 bats (D:1)
  A frilled lizard (D:1)
  A kobold (D:1)
  4 rats
51 creatures vanquished.

Notes
Turn   | Place    | Note
-------+----------+-------------------------------------------
     0 | D:1      | oldmanjim the Merfolk Shapeshifter began the quest for the
                  | Orb.
     0 | D:1      | Reached XP level 1. HP: 15/15 MP: 1/1
    85 | D:1      | Reached XP level 2. HP: 3/21 MP: 2/2
   266 | D:1      | Reached XP level 3. HP: 27/27 MP: 3/3
   834 | D:2      | Got the Book of Position
   903 | D:2      | Found Poerir's Book Shop.
   953 | D:2      | Noticed Robin
   966 | D:2      | Reached XP level 4. HP: 23/33 MP: 4/4
   977 | D:2      | Killed Robin
  1263 | D:2      | Found a glowing golden altar of the Shining One.
  1466 | D:2      | Reached skill level 5 in Shapeshifting
  1706 | D:2      | Became a worshipper of the Shining One
  1757 | D:3      | Noticed an ogre
  1763 | D:3      | Mangled by an ogre

Illustrated notes

Levels and vault maps discovered:
D:1:      minmay_arrival_cross, layout_basic, hangedman_decor_slide_cut
D:2:      layout_basic, serial_shops, nicolae_shop_advertising_works
          [nicolae_subvault_shop_adworks], basic_altar, uniq_robin
D:3:      layout_basic, nicolae_kikubaaqudgha_miasma_corner,
          shapermc_ecumenical_altar_gd, gammafunk_ghost_stat_death

Skill      XL: |  1  2  3  4 |
---------------+-------------+-----
Dodging        | 3 |  3.0
Fighting       | 2 |  2.0
Unarmed Combat | 4 |  4.4
Shapeshifting  | 5 |  5.0

Action                     |  1- 3 |  4- 6 || total
---------------------------+-------+-------++-------
  Melee: Unarmed           |    85 |    35 ||   120
         Punch             |     1 |     2 ||     3
   Stab: Sleeping          |     1 |     1 ||     2
 Armour: Animal skin       |    15 |     2 ||    17
  Dodge: Dodged            |    45 |    15 ||    60

Table legend: (Time is in decaauts)
 A = Elapsed time spent in this place.
 B = Non-inter-level travel time spent in this place.
 C = Inter-level travel time spent in this place.
 D = Time resting spent in this place.
 E = Time spent auto-exploring this place.
 F = Levels seen in this place.
 G = Mean time per level.
                   A        B        C        D        E       F      G
               +--------+--------+--------+--------+--------+-----+--------+
         Total |   1754 |   1651 |    103 |     94 |   1269 |   3 |  584.7 |
       Dungeon |   1754 |   1651 |    103 |     94 |   1269 |   3 |  584.7 |
               +--------+--------+--------+--------+--------+-----+--------+

Top non-repeatable levels by time:
     D:2: 976 daAuts
     D:1: 733 daAuts
     D:3: 45 daAuts
